 Dungeon Crawl Stone Soup version 0.28.0-53-g5a82cb258f (webtiles) character file.

Game seed: 12916496188918676630

499 Peloso the Slasher (level 6, -7/55 HPs)
             Began as a Minotaur Fighter on June 23, 2022.
             Killed from afar by Sigmund (9 damage)
             ... with a magic dart
             ... on level 4 of the Dungeon.
             The game lasted 00:04:29 (2539 turns).

Peloso the Slasher (Minotaur Fighter)               Turns: 2539, Time: 00:04:29

Health: -7/55      AC: 17    Str: 21    XL:     6   Next: 94%
Magic:  5/5        EV: 12    Int:  5    God:
Gold:   144        SH: 10    Dex: 11    Spells: 5/5 levels left

rFire   . . .      SeeInvis .   a - +1 falchion (protect)
rCold   . . .      Faith    .   c - +0 buckler
rNeg    . . .      Spirit   .   q - +0 chain mail
rPois   .          Reflect  +   (helmet restricted)
rElec   .          Harm     .   (no cloak)
rCorr   .          Rampage  .   (no gloves)
Will    .....                   (no boots)
Stlth   ..........              o - amulet of reflection
HPRegen 0.18/turn               m - +4 ring of evasion
MPRegen 0.09/turn               (no ring)

@: mighty, under a protective aura
A: horns 2, retaliatory headbutt
a: no special abilities


You were on level 4 of the Dungeon.
You visited 1 branch of the dungeon, and saw 4 of its levels.

You collected 144 gold pieces.

Inventory:

Hand Weapons
 a - a +1 falchion of protection (weapon)
 b - a +2 spear of flaming
Armour
 c - a +0 buckler (worn)
 k - a +0 scale mail
 q - a +0 chain mail (worn)
Jewellery
 m - a +4 ring of evasion (left hand)
 o - an amulet of reflection (around neck)
Scrolls
 e - 4 scrolls of identify
 f - a scroll of teleportation {unknown}
 g - a scroll of summoning {unknown}
 i - a scroll of fog
 j - a scroll of fear {unknown}
 l - a scroll of magic mapping {unknown}
 r - a scroll of immolation {unknown}
Potions
 n - a potion of degeneration {unknown}
 p - a potion of magic {unknown}


   Skills:
 + Level 4.8 Fighting
 + Level 5.9 Long Blades
 + Level 5.7 Armour
 + Level 1.7 Dodging
 + Level 0.3 Stealth
 + Level 4.8 Shields


You had 5 spell levels left.
You didn't know any spells.
Your spell library was empty.

Dungeon Overview and Level Annotations

Branches:
Dungeon (4/15)
 Temple: D:4-7

Altars:

Shops:
D:4 (

Annotations:
D:4 Dowan, Sigmund


Innate Abilities, Weirdness & Mutations

You have a pair of horns on your head.
You reflexively headbutt those who attack you in melee.


Message History

The scroll dissolves into smoke.
It was a scroll of fog.
Duvessa hits you with a +0 short sword. Something hits you!
* * * LOW HITPOINT WARNING * * *
You block the goblin's attack. Duvessa misses you.
Unknown command.
The goblin hits you but does no damage. You block Duvessa's attack.
You block Duvessa's attack. You block Duvessa's attack.
You hit Duvessa.
Your weapon exudes an aura of protection.
Duvessa is heavily wounded.
You block Duvessa's attack. x2
You slash Duvessa!
Duvessa is severely wounded.
Duvessa hits you but does no damage.
You feel very mighty all of a sudden.
Duvessa is no longer moving quickly.
You block Duvessa's attack. Duvessa misses you.
You hit Duvessa but do no damage.
Duvessa is severely wounded.
Duvessa hits you with a +0 short sword.
* * * LOW HITPOINT WARNING * * *
Something hits you.
* * * LOW HITPOINT WARNING * * *
You barely miss Duvessa.
Duvessa is severely wounded.
Duvessa hits you but does no damage.
You slash Duvessa! You headbutt Duvessa, but do no damage.
Duvessa is almost dead.
Something hits you but does no damage. You block Duvessa's attack.
You hit Duvessa. You headbutt Duvessa.
You kill Duvessa!
You hear a distant wail of despair.
Something hits you.
* * * LOW HITPOINT WARNING * * *
You slash the goblin!
You kill the goblin!
A magic dart appears from out of thin air!
The magic dart hits you!
You die...

# #########.#
#.#.)@.......
#.#.#.#{#######..
#.......(......
###.#.#§#######
#.#.#§§..#
##$#.#e§§§#
.....§§§e§#
##.#.#§§#######
#....§§§......


There were no monsters in sight!

Vanquished Creatures
  A water moccasin (D:3)
  Duvessa (D:4)
  An ogre (D:2)
  A scorpion (D:3)
  A centaur skeleton (D:4)
  Robin (D:4)
  An adder (D:3)
  2 dart slugs (D:3)
  An orc (D:3)
  2 bats (D:1)
  6 endoplasms
  5 giant cockroaches
  18 goblins
  8 hobgoblins
  4 jackals (D:2)
  6 kobolds
  2 quokkas
  2 ball pythons
  A frilled lizard (D:3)
  3 rats
67 creatures vanquished.

Notes
Turn   | Place    | Note
-------+----------+-------------------------------------------
     0 | D:1      | Peloso the Minotaur Fighter began the quest for the Orb.
     0 | D:1      | Reached XP level 1. HP: 19/19 MP: 0/0
   368 | D:1      | Reached XP level 2. HP: 27/27 MP: 1/1
   590 | D:1      | You fall into a shaft and drop 1 floor!
   590 | D:2      | Noticed a shining eye
   590 | D:2      | Noticed a golden eye
   590 | D:2      | Noticed a great orb of eyes
   590 | D:2      | Noticed an eye of devastation
   590 | D:2      | Found a faded altar of an unknown god.
   740 | D:2      | Noticed an ogre
   762 | D:2      | Killed an ogre
   763 | D:2      | Reached XP level 3. HP: 34/34 MP: 2/2
   763 | D:2      | Reached XP level 4. HP: 41/41 MP: 3/3
  1346 | D:3      | Noticed a water moccasin
  1353 | D:3      | Killed a water moccasin
  1354 | D:3      | Reached skill level 5 in Armour
  1354 | D:3      | Reached skill level 1 in Dodging
  1354 | D:3      | Reached XP level 5. HP: 17/47 MP: 4/4
  1967 | D:3      | Reached skill level 5 in Long Blades
  1967 | D:3      | Reached XP level 6. HP: 49/53 MP: 5/5
  2419 | D:4      | Noticed Robin
  2437 | D:4      | Killed Robin
  2473 | D:4      | Found Vomolial's Weapon Shoppe.
  2500 | D:4      | Noticed Sigmund
  2502 | D:4      | Noticed Duvessa
  2506 | D:4      | Noticed Dowan
  2538 | D:4      | Killed Duvessa
  2538 | D:4      | HP: 2/53 [something (3)]
  2539 | D:4      | Killed from afar by Sigmund

Illustrated notes

Levels and vault maps discovered:
D:1:      wheals_arrival_linesprint, layout_basic, serial_park_tiny_2
D:2:      layout_basic, hellmonk_ecumenical_altar_watching_god
D:3:      layout_basic
D:4:      layout_basic, nicolae_take_the_stairs, grunt_ministairs_10,
          uniq_robin, uniq_menkaure, uniq_sigmund, uniq_duvessa

Skill      XL: |  1  2  3  4  5 |
---------------+----------------+-----
Fighting       | 4 |  4.8
Shields        | 4 |  4.8
Armour         | 4 5 |  5.7
Long Blades    | 3 4 5 |  5.9
Dodging        | 1 |  1.7
Stealth        | |  0.3

Action                   |  1- 3 |  4- 6 || total
-------------------------+-------+-------++-------
Melee: Long sword        |    32 |    11 ||    43
       Headbutt          |     5 |    15 ||    20
       Falchion          |       |   104 ||   104
  Use: Scroll            |       |     2 ||     2
       Potion            |       |     2 ||     2
Armor: Scale mail        |    15 |    25 ||    40
       Chain mail        |       |    39 ||    39
Dodge: Dodged            |    19 |    77 ||    96
Block: Buckler           |     5 |    61 ||    66
